 Dungeon Crawl Stone Soup version 0.30-a0-140-gd1020e658a (webtiles) character file.

Game seed: 15236581390980355893

525 ytrimaz the Blocker (level 7, -11/52 HPs)
             Began as a Formicid Fighter on Sept 24, 2022.
             Was a Follower of Okawaru.
             Mangled by an ice beast (14 damage)
             ... on level 6 of the Dungeon.
             The game lasted 00:07:37 (4306 turns).

ytrimaz the Blocker (Formicid Fighter)              Turns: 4306, Time: 00:07:38

Health: -11/52     AC:  7    Str: 22    XL:     7   Next: 47%
Magic:  7/7        EV: 10    Int:  8    God:    Okawaru [*.....]
Gold:   184        SH:  6    Dex: 13    Spells: 6/6 levels left

rFire   + . .      SeeInvis +    a - +0 war axe (flame)
rCold   . . .      Faith    .    c - +0 buckler
rNeg    . . .      Spirit   .    e - +2 ring mail {rF+}
rPois   .          Reflect  .    (helmet unavailable)
rElec   .          Harm     .    (no cloak)
rCorr   .          Rampage  .    (no gloves)
Will    .....                    (no boots)
Stlth   +.........               (no amulet)
HPRegen 0.17/turn                (no ring)
MPRegen 0.10/turn                (no ring)

@: no status effects
A: permanent stasis, dig shafts and tunnels, antennae 3, four strong arms
a: Dig, Shaft Self, Renounce Religion, Heroism


You were on level 6 of the Dungeon.
You worshipped Okawaru.
Okawaru was aware of your devotion.
You visited 1 branch of the dungeon, and saw 5 of its levels.
You also visited: Sewer.

You collected 184 gold pieces.


Innate Abilities, Weirdness & Mutations

You cannot be hasted, slowed, berserked, paralysed or teleported.
You can dig through walls and to a lower floor.
You have a pair of large antennae on your head. (SInv)
Your four strong arms can wield two-handed weapons with a shield.


   Skills:
 - Level 3.2 Fighting
 - Level 2.6 Axes
 + Level 4.6 Staves
 - Level 3.2 Armour
 + Level 8.0 Shields


You had 6 spell levels left.
You didn't know any spells.
Your spell library contained the following spells:

 Spells                   Type           Power      Damage    Failure   Level
 Apportation              Tloc           0%         N/A       63%         1
 Sandblast                Erth           0%         2d4       63%         1
 Passwall                 Tmut/Erth      0%         N/A       77%         2
 Ignite Poison            Fire/Tmut/Pois 0%         N/A       94%         3
 Mephitic Cloud           Conj/Pois/Air  0%         N/A       94%         3
 Stone Arrow              Conj/Erth      0%         3d7       94%         3
 Alistair's Intoxication  Tmut/Pois      0%         N/A       100%        5
 Freezing Cloud           Conj/Ice/Air   0%         6-21      100%        5

Inventory:

Hand Weapons
 a - a +0 war axe of flaming (weapon)
Armour
 c - a +0 buckler (worn)
 e - a +2 ring mail of fire resistance (worn)
   (You found it on level 2 of the Dungeon)
 m - a +0 plate armour
   (You found it on level 3 of the Dungeon)
Magical Staves
 b - a staff of earth
   (You found it on level 3 of the Dungeon)
Wands
 g - a wand of acid (5)
   (You found it on level 2 of the Dungeon)
Scrolls
 l - 2 scrolls of magic mapping
 n - 2 scrolls of enchant armour
Potions
 d - 3 potions of flight
 h - 2 potions of curing
 i - a potion of heal wounds
 j - a potion of magic
 k - 2 potions of resistance
 p - 2 potions of haste {unknown}
 q - a potion of brilliance {unknown}
 r - 2 potions of cancellation

Dungeon Overview and Level Annotations

Branches:
Dungeon (4/15) Zot: 26219   Sewer (visited)
 Temple: D:4-7

Altars:
Okawaru
Qazlal

Shops:
D:1 (

Annotations:
D:4 Duvessa

......
.....#
#### .....
..... {
...# .....
#. ..#
...... #.
#.##.....^
#.
#..Y.....$
#.
#######.@#
#.
#.......##
#.
##.#######
###.###..#
#.......##
#.......#
#.......#
#.......#
#(......#


You could see an ice beast.


Message History

You are more poisoned. 😕 HP[-1]
You take 1 damage, and now have 50/52 hp.
You hit Duvessa but do no damage. You slash Dowan! You burn Dowan.
You kill Dowan!
Okawaru accepts your kill.
Duvessa screams in rage.
Duvessa goes berserk!
You feel very sick. You block Duvessa's attack.
Duvessa hits you with a +0 short sword! x2
* * * LOW HITPOINT WARNING * * *
Your Shields skill increases to level 8!
You hit Duvessa but do no damage.
You feel very sick. You block Duvessa's attack.
Duvessa closely misses you. 😨 HP[-29]
You take 29 damage, and now have 21/52 hp.
MASSIVE DAMAGE!! (PAUSE)
You feel much better.
You feel sick. You block Duvessa's attack.
Duvessa closely misses you. 😕 HP[+30]
You regained 30 hp, and now have 51/52 hp.
Are you sure you want to shaft yourself?
You feel sick. Duvessa hits you with a +0 short sword!
You begin to dig a shaft.
You continue digging a shaft.
You feel sick. Duvessa hits you with a +0 short sword!
* * * LOW HITPOINT WARNING * * *
You block Duvessa's attack. A shaft appears beneath you!
You fall into a shaft and drop 2 floors!
The shaft crumbles and collapses.
You feel sick. 😨 HP[-28]
You take 28 damage, and now have 23/52 hp.
MASSIVE DAMAGE!! (PAUSE) Unknown command.
Unknown command.
You start resting.
You feel sick. x2
You are no longer poisoned. 😨 HP[-1]
You take 1 damage, and now have 22/52 hp.
You start resting.
Unknown command. 😕 HP[+18]
You regained 18 hp, and now have 40/52 hp.
Key pressed, stopping explore.
Unknown command. 😎 HP[+12]
Your hp is fully restored (52).
You now have 184 gold pieces (gained 8).
An ice beast comes into view.
The ice beast moves out of view.
Unknown command.
A white imp comes into view.
The white imp shouts, "Flee, thou venomed bat-fowling tiler!"
You hit the ice beast but do no damage. You block the ice beast's attack.
You closely miss the ice beast.
The white imp lashes its tail.
The ice beast barely misses you.
You barely miss the ice beast. The ice beast barely misses you.
The ice beast closely misses you.
You closely miss the ice beast.
The ice beast hits you but does no damage.
Unknown command.
You hit the ice beast.
You melt the ice beast.
The ice beast hits you but does no damage.
You barely miss the ice beast. The ice beast closely misses you.
The ice beast hits you. The ice beast freezes you! 😕 HP[-10]
You take 10 damage, and now have 42/52 hp.
You completely miss the ice beast.
The ice beast hits you but does no damage.
You completely miss the ice beast. The ice beast hits you.
The ice beast freezes you!
The ice beast hits you but does no damage. 😮 HP[-15]
You take 15 damage, and now have 27/52 hp.
MASSIVE DAMAGE!! (PAUSE)
You hit the ice beast but do no damage. You block the ice beast's attack.
You are too injured to fight recklessly!
You closely miss the ice beast.
The ice beast closely misses you. 😮 HP[+1]
You hit the ice beast.
You melt the ice beast.
The ice beast barely misses you. The ice beast hits you.
The ice beast freezes you!
* * * LOW HITPOINT WARNING * * *
😨 HP[-8]
You take 8 damage, and now have 20/52 hp.
Unknown command.
You hit the ice beast.
You melt the ice beast.
The ice beast hits you.
* * * LOW HITPOINT WARNING * * *
The ice beast freezes you!
* * * LOW HITPOINT WARNING * * *
😱 HP[-15]
You take 15 damage, and now have 5/52 hp.
MASSIVE DAMAGE!! (PAUSE)
You hit the ice beast but do no damage. You block the ice beast's attack.
The ice beast hits you but does no damage.
You hit the ice beast but do no damage. The ice beast hits you.
* * * LOW HITPOINT WARNING * * *
The ice beast freezes you!
You die...

Skill      XL: |  1  2  3  4  5  6  7 |
---------------+----------------------+-----
Shields        | 5 6 7 8 |  8.0
Staves         | 1 2 3 4 |  4.6
Fighting       | |  3.2
Axes           | |  2.6
Armour         | |  3.2

Action                   |  1- 3 |  4- 6 |  7- 9 || total
-------------------------+-------+-------+-------++-------
Melee: War axe           |    71 |   188 |    21 ||   280
 Abil: Dig               |       |     1 |       ||     1
       Shaft Self        |       |       |     1 ||     1
  Use: Potion            |     5 |     1 |     2 ||     8
       Scroll            |     3 |    11 |     1 ||    15
Armor: Scale mail        |    34 |    31 |       ||    65
       Skin              |     7 |    37 |       ||    44
       Ring mail         |       |    66 |     7 ||    73
Dodge: Dodged            |    44 |   105 |    14 ||   163
Block: Buckler           |    26 |    63 |     9 ||    98

Levels and vault maps discovered:
D:1:      amcnicky_arrival_double_pillar, layout_basic, serial_shops,
          shop_statue, ebering_dispersal_statue_hall
D:2:      layout_loops_corners, chequers_ecumenical_altar_simple,
          minmay_goblin_kobold_house
D:3:      layout_basic, okawaru_trees_1
D:4:      layout_basic, nicolae_qazlal_scattered_showers,
          nzn_hepliaklqana_mist_gate, gup_sewer_entry_glass,
          corexii_hall_statues_deadend, uniq_duvessa
D:6:      layout_rooms, minitemple, temple_green, minmay_fire_ice_demons

Notes
Turn   | Place    | Note
-------+----------+-------------------------------------------
     0 | D:1      | ytrimaz the Formicid Fighter began the quest for the Orb.
     0 | D:1      | Reached XP level 1. HP: 18/18 MP: 1/1
     0 | D:1      | magus.rc [v1.9.6]
   128 | D:1      | Reached XP level 2. HP: 21/24 MP: 2/2
   250 | D:1      | You pick up a book of Party Tricks and begin reading...
   250 | D:1      | You add the spells Apportation and Alistair's Intoxication
                  | to your library.
   512 | D:1      | Found Cytig's Weapon Boutique.
   521 | D:1      | Reached XP level 3. HP: 29/29 MP: 3/3
  1028 | D:1      | Reached skill level 5 in Shields
  1136 | D:2      | Reached skill level 1 in Staves
  1272 | D:2      | Found a faded altar of an unknown god.
  1390 | D:2      | HP: 8/43 [gnoll/+0 flail (8)]
  1397 | D:2      | Reached XP level 4. HP: 33/35 MP: 4/4
  1408 | D:2      | Reached skill level 2 in Staves
  1692 | D:2      | Reached XP level 5. HP: 36/41 MP: 5/5
  2556 | D:3      | Found an iron altar of Okawaru.
  2748 | D:3      | You pick up a book of Geomancy and begin reading...
  2748 | D:3      | You add the spells Sandblast, Passwall and Stone Arrow to
                  | your library.
  2844 | D:3      | Reached skill level 6 in Shields
  2984 | D:3      | Became a worshipper of Warmaster Okawaru
  3299 | D:4      | Found a stormy altar of Qazlal.
  3374 | D:4      | Reached skill level 3 in Staves
  3374 | D:4      | Reached XP level 6. HP: 47/47 MP: 6/6
  3383 | D:4      | Found a glowing drain.
  3387 | D:4      | You add the spells Ignite Poison, Mephitic Cloud and
                  | Freezing Cloud to your library.
  3453 | Sewer    | Entered a sewer
  3635 | Sewer    | Reached skill level 7 in Shields
  3937 | Sewer    | Reached skill level 4 in Staves
  3937 | Sewer    | Reached XP level 7. HP: 49/52 MP: 7/7
  3937 | Sewer    | Reached * piety under Okawaru
  4081 | D:4      | Noticed Dowan
  4082 | D:4      | Noticed Duvessa
  4095 | D:4      | Killed Dowan
  4096 | D:4      | Reached skill level 8 in Shields
  4100 | D:4      | You fall into a shaft and drop 2 floors!
  4304 | D:6      | HP: 5/52 [ice beast (12)]
  4306 | D:6      | Mangled by an ice beast

Vanquished Creatures
  2 bullfrogs (Sewer)
  Dowan (D:4)
  A hound (D:4)
  An orc wizard (D:4)
  4 gnolls (D:2)
  9 adders
  7 river rats (Sewer)
  A worm (D:3)
  3 dart slugs (D:1)
  5 orcs
  18 ball pythons
  7 endoplasms
  7 giant cockroaches
  7 goblins
  6 hobgoblins
  2 jackals (D:1)
  4 quokkas
  6 bats (D:1)
  2 frilled lizards
  6 kobolds
  16 rats
115 creatures vanquished.

Table legend:
 A = Non-vault XP
 B = Vault XP
 C = Vault XP percentage of total XP
 D = Non-vault monster count
 E = Vault monster count
 F = Vault count percentage of total count
                 A         B        C        D         E       F
            +---------+---------+-------+---------+---------+-------
      Total |     280 |     471 |  62.7 |      61 |      54 |  47.0
            +---------+---------+-------+---------+---------+-------
        D:1 |      51 |       0 |   0.0 |      26 |       0 |   0.0
        D:2 |     103 |       8 |   7.2 |      18 |       4 |  18.2
        D:3 |      22 |       0 |   0.0 |       9 |       0 |   0.0
        D:4 |     104 |      92 |  46.9 |       8 |       7 |  46.7
      Sewer |       0 |     371 | 100.0 |       0 |      43 | 100.0
            +---------+---------+-------+---------+---------+-------

Illustrated notes

Table legend:
 A = Kills in this place as a percentage of kills in entire the game.
 B = Kills by you in this place as a percentage of kills by you in the entire game.
 C = Kills by friends in this place as a percentage of kills by friends in the entire game.
 D = Other kills in this place as a percentage of other kills in the entire game.
 E = Experience gained in this place as a percentage of experience gained in the entire game.
 F = Experience gained in this place divided by the number of levels of this place that you have seen.
                   A       B       C       D       E      F
               +-------+-------+-------+-------+-------+----------------------
         Total | 100.0 | 100.0 |   N/A |   N/A | 100.0 | 125.2
       Dungeon |  62.6 |  62.6 |   N/A |   N/A |  50.6 |  76.0
         Sewer |  37.4 |  37.4 |   N/A |   N/A |  49.4 | 371.0
               +-------+-------+-------+-------+-------+----------------------

Table legend: (Time is in decaauts)
 A = Elapsed time spent in this place.
 B = Non-inter-level travel time spent in this place.
 C = Inter-level travel time spent in this place.
 D = Time resting spent in this place.
 E = Time spent auto-exploring this place.
 F = Levels seen in this place.
 G = Mean time per level.
                   A        B        C        D        E       F      G
               +--------+--------+--------+--------+--------+-----+--------+
         Total |   4449 |   4373 |     76 |    192 |   3272 |   6 |  741.5 |
       Dungeon |   3778 |   3702 |     76 |    165 |   2794 |   5 |  755.6 |
         Sewer |    670 |    670 |      0 |     27 |    478 |   1 |  670.0 |
               +--------+--------+--------+--------+--------+-----+--------+

Top non-repeatable levels by time:
     D:2: 1230 daAuts
     D:1: 1149 daAuts
     D:3: 806 daAuts
   Sewer: 670 daAuts
     D:4: 381 daAuts
     D:6: 210 daAuts
